 Dungeon Crawl Stone Soup version 0.20.0-6-gd3061e9 (webtiles) character file.

89 stringdemon the Insei (level 4, -4/21 HPs)
             Began as a Vine Stalker Transmuter on May 28, 2017.
             Killed from afar by Natasha (7 damage)
             ... with a magic dart
             ... on level 3 of the Dungeon.
             The game lasted 00:09:05 (1808 turns).

stringdemon the Insei (Vine Stalker Transmuter)     Turns: 1808, Time: 00:09:07

Health: -4/21      AC:  4    Str: 12    XL:     4   Next: 55%
Magic:  0/8        EV: 12    Int: 13    God:
Gold:   67         SH:  0    Dex: 16    Spells: 4/7 levels left

rFire    . . .     SeeInvis .     - Unarmed
rCold    . . .     Gourm    .   (no shield)
rNeg     . . .     Faith    .   e - +0 leather armour
rPois    .         Spirit   +   (no helmet)
rElec    .         Reflect  .   k - +0 cloak (curse)
rCorr    .         Harm     .   (no gloves)
MR       .....                  (no boots)
Stlth    ++........             (no amulet)
Regen    0.5/turn               (no ring)
MPRegen  0.2/turn               (no ring)

@: lethally poisoned (-4 -> -4)
A: fangs 2, regeneration 1, magic shield, antimagic bite, no potion heal 3, rot
immunity
a: no special abilities


You were on level 3 of the Dungeon.
You were full.

You visited 1 branch of the dungeon, and saw 3 of its levels.

You collected 67 gold pieces.

Inventory:

Hand Weapons
 a - a +0 hunting sling
Missiles
 h - 123 arrows
Armour
 e - a +0 leather armour (worn)
 f - a scarf of repulsion
 k - a cursed +0 cloak (worn)
Scrolls
 g - 2 scrolls of identify
 i - a scroll of enchant weapon
 l - a scroll of magic mapping
Potions
 b - a potion of curing
Books
 c - a book of Changes

   Spells                             Type                      Level
   a - Beastly Appendage              Transmutation                1
   b - Sticks to Snakes               Transmutation                2
   c - Spider Form                    Transmutation/Poison         3
   d - Ice Form                       Ice/Transmutation            4
   e - Blade Hands                    Transmutation                5
Comestibles
 d - 4 bread rations
 j - 4 meat rations
 m - 3 fruits
 n - a chunk of flesh


   Skills:
 - Level 0.8 Fighting
 - Level 1.5 Dodging
 * Level 1.3 Stealth
 * Level 5.0 Unarmed Combat
 - Level 2.1 Spellcasting
 - Level 2.0 Transmutations


You had 4 spell levels left.
You knew the following spells:

 Your Spells              Type           Power        Failure   Level  Hunger
a - Beastly Appendage     Tmut           #.....       14%         1    ##.....
b - Sticks to Snakes      Tmut           #.......     21%         2    ###....


Dungeon Overview and Level Annotations

Branches:
Dungeon (3/15)

Altars:

Annotations:
D:3 Natasha


Innate Abilities, Weirdness & Mutations

You have extremely sharp teeth.
Your natural rate of healing is unusually fast.
When hurt, damage is shared between your health and your magic reserves.
Your bite disrupts and absorbs the magic of your enemies.
Potions cannot restore your health.
You are immune to rotting.


Message History

Natasha is almost dead.
Natasha completely misses you. The crimson imp hits you. Natasha claws you.
You are too injured to fight recklessly!
You are too injured to fight recklessly!
You are too injured to fight recklessly!
You completely miss Natasha. You bite Natasha, but do no damage.
Natasha is almost dead.
Natasha claws you. The crimson imp hits you.
* * * LOW HITPOINT WARNING * * *
You hit Natasha but do no damage. Your bite misses Natasha.
Natasha is almost dead.
You feel sick. Natasha completely misses you.
The crimson imp barely misses you.
You barely miss Natasha.
Natasha is almost dead.
Natasha closely misses you. The crimson imp hits you.
* * * LOW HITPOINT WARNING * * *
Natasha stares at you and mumbles some strange words.
The magic dart hits you!
You die...

######...########
...........#
.........#.#
#########....#.#
........#....#.#
########.#....#.######
...#.........#.......
###.##5#.#..#.#.......
#..Kh@.#.#....'.......
#%..Z####.##.#.#.......
+.... ..##.#.#.......
#.... ####.#.#.......
#.... #.#.########
#...Z #.#.# #.... #.#.#
#.... #)#.#


You could see Natasha, a crimson imp, a kobold and a centaur skeleton.

Vanquished Creatures
  Jessica (D:2)
  2 adders (D:2)
  A worm (D:2)
  A dart slug (D:1)
  3 giant cockroaches (D:2)
  5 goblins
  6 hobgoblins
  7 kobolds
  3 bats
  2 frilled lizards (D:2)
  2 rats (D:2)
33 creatures vanquished.

Vanquished Creatures (collateral kills)
  An adder (D:2)
  A giant cockroach (D:2)
2 creatures vanquished.

Grand Total: 35 creatures vanquished

Notes
Turn   | Place    | Note
-------+----------+-------------------------------------------
     0 | D:1      | stringdemon the Vine Stalker Transmuter began the quest for the Orb.
     0 | D:1      | Reached XP level 1. HP: 9/9 MP: 4/4
   185 | D:1      | Reached XP level 2. HP: 13/14 MP: 3/6
   516 | D:2      | Reached skill level 1 in Stealth
   551 | D:2      | Reached XP level 3. HP: 15/17 MP: 7/7
   637 | D:2      | Reached skill level 4 in Unarmed Combat
  1220 | D:2      | Learned a level 2 spell: Sticks to Snakes
  1311 | D:2      | Gained mutation: Your natural rate of healing is unusually fast. [Vine Stalker growth]
  1311 | D:2      | Reached XP level 4. HP: 3/21 MP: 3/8
  1627 | D:2      | Noticed Jessica
  1634 | D:2      | Killed Jessica
  1634 | D:2      | Reached skill level 5 in Unarmed Combat
  1795 | D:3      | Noticed Natasha
  1808 | D:3      | Killed from afar by Natasha

Skill      XL: |  1  2  3  4 |
---------------+-------------+-----
Stealth        | 1 |  1.3
Unarmed Combat | 4 5 |  5.0
Fighting       | |  0.8
Dodging        | |  1.5
Spellcasting   | |  2.1
Transmutations | |  2.0

Action                   |  1- 3 |  4- 6 || total
-------------------------+-------+-------++-------
Melee: Unarmed           |    93 |    26 ||   119
       Bite              |    24 |     9 ||    33
       Kick              |     5 |       ||     5
       Punch             |     1 |       ||     1
 Cast: Beastly Appendage |     3 |       ||     3
       Sticks to Snakes  |     3 |       ||     3
  Use: Scroll            |     3 |       ||     3
       Potion            |     2 |       ||     2
 Stab: Sleeping          |     1 |       ||     1
  Eat: Chunk             |     1 |     1 ||     2
       Fruit             |       |     6 ||     6
Armor: Leather armour    |    25 |    11 ||    36
Dodge: Dodged            |    60 |    13 ||    73
       Deflected         |     1 |       ||     1
